Unix NetHack Version 5.0.0-0 post-release - last build May 10 2026 23:12:36 (d1fa5d53e341ca933230fdaa984d921c805b60aa,branch:main).

Game began 2026-05-16 18:08:50, ended 2026-05-16 22:48:15.

AuraMoom, neutral male human Ranger

                       ##################################
                    ####--------------------------------#
                     ## |..............................|#
                      # |%-----------.......--------   |#####      ---------
                     ###..|  |(((|..|.------|               #######......<.|
                     ## |.+  |(((|..|.|.....|                 #    |.......|
                        |.---|...|-|-.|.._..|          |      #    |.......|
                        |....---|-....|.....|     +- ..|      #   #........|
                        ..............|.....|     .....|      `####|.......|
                        |...........{.----|-- {........-      #    ---------
                        |..............................|
                        |...-|---+--...........--+--   |
                        |...|..@|  |---.--------
                        |...|=.)|  |. |.|.%!|
                        |...|([%|  |..-.-.%%|
                        |...-----  ----.-----
                        |...          ..
                        -----        ----

AuraMoom the Trailblazer     St:15 Dx:13 Co:15 In:14 Wi:14 Ch:8  Neutral
Dlvl:6  $:0  HP:0(48) Pw:26(26) AC:-3 Xp:6 T:4273  Blind

Latest messages:
 What do you want to dip? [b-fhj-mps-xzA-DGKNRSZ or ?*] ?
 What do you want to dip 46 +0 arrows into? [kzBCD or ?*] ?
 Interesting...
 Call a fizzy potion: Booze or see invis
 Call a pink potion: gain ability/lvl/paralysis
 As you pronounce the formula on it, the scroll disappears.
 This is an identify scroll.
 A - an uncursed amulet of unchanging (being worn).
 m - an uncursed scroll of amnesia.
 C - an uncursed potion of gain ability.
 You feel wise!
 Wait!  There's something there you can't see!
 It gets angry!
 "Halt!  You're under arrest!"
 You hear the shrill sound of guards' whistles.
 You hear a nearby zap.
 The wand misses you.
 You try to feel what is lying here on the floor.
 Akureyri is after your hide, not your gold!
 Besides, you don't have enough to interest him.
 You hear a nearby zap.
 The wand misses you.
 "For you, scum; 18 zorkmids for this orcish helm."
 r - an uncursed +0 orcish helm (unpaid, 18 zorkmids).
 You hear a nearby zap.
 The wand hits you!
 You hear someone praising Venus.
 You bought an uncursed +0 orcish helm for 18 gold pieces.
 You hear a nearby zap.
 The wand misses you.
 You hear a nearby zap.
 The wand hits you!
 Akureyri is after your hide, not your gold!
 Besides, you don't have enough to interest him.
 It hits!
 It hits again!
 Akureyri is after your hide, not your gold!
 Besides, you don't have enough to interest him.
 It misses!
 It hits!
 "For you, scum; 267 zorkmids for this perforated amulet."
 O - a cursed perforated amulet (unpaid, 267 zorkmids).
 It hits!
 You die...
 Akureyri takes all your possessions.
 Do you want to see what you had when you died? [ynq] (y) y
 Do you want to see your attributes? [ynq] (y) y
 Do you want an account of creatures vanquished? [ynaq] (y) n
 Do you want to see your conduct and achievements? [ynq] (y) n
 Do you want to see the dungeon overview? [ynq] (y) n

Inventory:
 Amulets  ('"')
  O - a cursed amulet of change
  A - an uncursed amulet of unchanging (being worn)
 Weapons  (')')
  c - 42 +2 arrows (in quiver)
  d - 46 +0 arrows
  b - a blessed +1 bow (alternate weapon; not wielded)
  l - a +0 orcish dagger
  K - the rustproof +2 Trollsbane (weapon in right hand)
 Armor    ('[')
  t - an uncursed +0 dwarvish iron helm (being worn)
  r - an uncursed +0 orcish helm
  w - an uncursed +1 pair of gauntlets of dexterity (being worn)
  x - an uncursed +0 pair of iron shoes (being worn)
  e - an uncursed +2 cloak of displacement (being worn)
  H - an uncursed +0 studded leather armor (being worn)
 Comestibles  ('%')
  f - 2 uncursed cram rations
  p - an uncursed tripe ration
 Scrolls  ('?')
  m - an uncursed scroll of amnesia
  s - an uncursed scroll of light
 Potions  ('!')
  k - an uncursed potion of extra healing
  D - an uncursed potion of fruit juice
  B - a blessed potion of full healing
  z - an uncursed potion of object detection
 Rings    ('=')
  E - an uncursed +1 ring of protection (on left hand)
  F - an uncursed ring of stealth (on right hand)
 Wands    ('/')
  G - a wand of digging (0:5)
  N - a wand of light (0:11)
 Gems/Stones  ('*')
  v - an uncursed opal
  j - an uncursed sapphire
  R - an uncursed worthless piece of blue glass
  h - a cursed worthless piece of blue glass
  Z - an uncursed worthless piece of orange glass
  S - an uncursed worthless piece of yellow glass

AuraMoom the Ranger's attributes:

Background:
 You were a Trailblazer, a level 6 male human Ranger.
 You were neutral, on a mission for Venus
 who was opposed by Mercury (lawful) and Mars (chaotic).
 You were right-handed.
 You were in the Gnomish Mines, on level 6.
 You entered the dungeon 4273 turns ago.
 It was nighttime.
 There was a new moon in effect when your adventure ended.
 You had 536 experience points, 104 more were needed to attain level 7.

Basics:
 You had 0 out of 48 hit points.
 You had all 26 energy points (spell power).
 Your armor class was -3.
 Your wallet was empty.
 Autopickup was on, but temporarily disabled while inside the shop.

Final Characteristics:
 Your strength was 15 (limit:18/100).
 Your dexterity was 13 (base:12, limit:18).
 Your constitution was 15 (limit:18).
 Your intelligence was 14 (limit:18).
 Your wisdom was 14 (limit:18).
 Your charisma was 8 (limit:18).

Final Status:
 You were temporarily blind.
 You weren't hungry.
 You were unencumbered.
 You were wielding a morning star.
 You had basic skill with morning star.

Final Attributes:
 You were piously aligned.
 You had automatic searching.
 You were displaced.
 You were stealthy.
 You regenerated.
 You had a small defense bonus (+1).
 You were guarded.
 You couldn't change from your current form.
 You are dead.

Miscellaneous:
 You didn't encounter any bones levels.
 Total elapsed playing time was 1 hour, 33 minutes and 46 seconds.

Major events:
 Turn
    1: AuraMoom the neutral male human Ranger entered the dungeon
  621: attained the rank of Lookout (level 3)
 1528: was bestowed with Trollsbane by Venus
 2242: entered the Gnomish Mines
 3047: attained the rank of Trailblazer (level 6)
 4045: reached Mine Town
 4273: killed by Mr. Akureyri; the shopkeeper

You didn't know any spells.

Skills:
 Fighting Skills
   bare handed combat [Unskilled]
   riding             [Unskilled]
 Weapon Skills
   dagger             [Basic]
   knife              [Unskilled]
   axe                [Unskilled]
   pick-axe           [Unskilled]
   short sword        [Unskilled]
   morning star       [Basic]
   flail              [Unskilled]
   hammer             [Unskilled]
   quarterstaff       [Unskilled]
   polearms           [Unskilled]
   spear              [Unskilled]
   trident            [Unskilled]
   bow                [Basic]
   sling              [Unskilled]
   crossbow           [Unskilled]
   dart               [Unskilled]
   shuriken           [Unskilled]
   boomerang          [Unskilled]
   whip               [Unskilled]
 Spellcasting Skills
   healing spells     [Unskilled]
   divination spells  [Unskilled]
   escape spells      [Unskilled]

Voluntary challenges:
 Character rerolling was not enabled.
 You never genocided any monsters.
 You never polymorphed an object.
 You never changed form.
 You used no wishes.
Achievements:
 You attained the rank of Lookout.
 You entered a shop.
 You entered the Gnomish Mines.
 You attained the rank of Trailblazer.
 You entered Minetown.
 You entered a temple.

 The Dungeons of Doom: levels 1 to 4
    Level 1:
    Level 2:
       An armor shop, an altar to Venus, a sink.
    Level 3:
       Some fountains.
       Stairs down to The Gnomish Mines.
    Level 4:
 The Gnomish Mines: levels 4 to 6
    Level 4:
    Level 5:
    Level 6: <- You were here.
       Many shops, a temple and an altar to Venus, some fountains.
       Final resting place for
          you, killed by Mr. Akureyri; the shopkeeper.


Vanquished creatures:
  a small mimic
  a pony
  a yellow light
  4 gnome leaders
  2 gnomish wizards
  a straw golem
  3 giant ants
  5 dwarves
  a kobold shaman
  a hill orc
  2 rothes
 an iguana
 an acid blob
  2 hobbits
  a manes
  2 giant rats
  2 cave spiders
  a yellow mold
  a red mold
 19 gnomes
  3 garter snakes
  a gnome zombie
  5 geckos
  7 jackals
  a fox
  a kobold
  5 goblins
  4 sewer rats
  6 grid bugs
  a bat
  9 lichens
  4 newts
99 creatures vanquished.

No species were genocided or became extinct.

Game over:
                       ----------
                      /          \
                     /    REST    \
                    /      IN      \
                   /     PEACE      \
                  /                  \
                  |     AuraMoom     |
                  |       0 Au       |
                  |  killed by Mr.   |
                  |  Akureyri; the   |
                  |    shopkeeper    |
                  |                  |
                  |       2026       |
                 *|     *  *  *      | *
        _________)/\\_//(\/(/\)/\//\/|_)_______

Goodbye AuraMoom the Ranger...

You died in The Gnomish Mines on dungeon level 6 with 2444 points,
and 0 pieces of gold, after 4273 moves.
You were level 6 with a maximum of 48 hit points when you died.

